 Dungeon Crawl Stone Soup version 0.31-a0-202-g547052bce9 (webtiles) character file.

Game seed: 15491998744441378288

131 qw the Skirmisher (level 4, 0/25 HPs)
             Began as a Deep Elf Hunter on June 26, 2023.
             Was an Initiate of Okawaru.
             Slain by an orc
             ... wielding a +0 scythe
              (2 damage)
             ... on level 4 of the Dungeon.
             The game lasted 00:00:44 (2623 turns).

qw the Skirmisher (Deep Elf Hunter)                 Turns: 2623, Time: 00:00:45

Health: 0/25       AC:  6    Str: 10    XL:     4   Next: 91%
Magic:  6/6        EV: 11    Int: 14    God:    Okawaru [......]
Gold:   240        SH:  0    Dex: 18    Spells: 3/3 levels left

rFire   . . .        Y - +0 shortbow
rCold   . . .        (shield currently unavailable)
rNeg    . . .        a - +0 ring mail
rPois   .            e - +0 helmet
rElec   .            (no cloak)
rCorr   +            (no gloves)
SInv    .            (no boots)
Will    .....        b - amulet of the acrobat
Stlth   +            f - ring of resist corrosion
HPRegen 0.24/turn    (no ring)
MPRegen 0.10/turn

%: acrobat
@: no status effects
A: no striking features
a: Renounce Religion


You were on level 4 of the Dungeon.
You worshipped Okawaru.
Okawaru was noncommittal.
You visited 1 branch of the dungeon, and saw 4 of its levels.

You collected 240 gold pieces.


   Skills:
 - Level 1.5 Fighting
 + Level 8.3 Ranged Weapons
 - Level 2.4 Dodging
 - Level 1.2 Stealth


You had 3 spell levels left.
You didn't know any spells.
Your spell library was empty.

Inventory:

Hand Weapons
 Y - a +0 shortbow (weapon)
Armour
 a - a +0 ring mail (worn)
 e - a +0 helmet (worn)
 i - the +2 ring mail of Deamn {Dex+2}
   (You found it on level 4 of the Dungeon)

   Dex:       It affects your dexterity (+2).
Jewellery
 b - an amulet of the acrobat (around neck)
 f - a ring of resist corrosion (left hand)
Scrolls
 g - a scroll of identify
Potions
 c - 2 potions of might {unknown}
 d - a potion of curing {unknown}
 h - a potion of degeneration {unknown}
 j - a potion of haste {unknown}
 k - a potion of enlightenment {unknown}

Dungeon Overview and Level Annotations

Branches:
Dungeon (4/15)
 Temple: D:4-7

Altars:
Okawaru
Qazlal
Trog

Shops:
D:1 *


Message History

Enter note:
Enter note:
Enter note:
Enter note:
Enter note:
Enter note:
Enter note:
Enter note:
Enter note:
Enter note: You shoot an arrow.
The orc shouts!
The arrow hits the orc.
The orc is heavily wounded.
The orc hits you from afar with a +0 scythe.
The hobgoblin misses you. The orc barely misses you.
The hobgoblin closely misses you. The orc barely misses you.
You shoot an arrow.
The arrow hits the orc but does no damage.
The orc is heavily wounded.
The orc barely misses you. The orc misses you. The hobgoblin barely misses you.
You shoot an arrow. The arrow completely misses the orc.
The orc misses you.
The orc hits you from afar with a +0 scythe.
The hobgoblin hits you from afar with a +0 scythe!
You shoot an arrow.
The arrow hits the orc but does no damage.
The orc is heavily wounded.
The orc closely misses you. The orc barely misses you.
The hobgoblin hits you from afar with a +0 scythe!
You shoot an arrow. The arrow hits the orc!
You kill the orc!
Okawaru accepts your kill. The orc misses you.
The hobgoblin hits you but does no damage.
You shoot an arrow. The arrow hits the orc.
The orc is lightly wounded.
The orc misses you.
The orc hits you from afar with a +0 scythe.
You die...

##.## #.... ##...
#.... #... #..#
## #..#o.#..#
#.@'o.#..#
#..#g.#..#
##.####.##
#.......##
#........## #
#.........# #
##........# #
#...####.########
#.### #..........


You could see 2 orcs and a hobgoblin.

Vanquished Creatures
  2 hounds (D:4)
  2 adders
  2 worms
  2 dart slugs (D:2)
  An orc (D:4)
  2 bats
  5 endoplasms
  3 giant cockroaches
  5 hobgoblins
  A quokka (D:2)
  4 ball pythons
  2 frilled lizards
  3 goblins
  5 kobolds
  6 rats
45 creatures vanquished.

Notes
Turn   | Place    | Note
-------+----------+-------------------------------------------
     0 | D:1      | qw the Deep Elf Hunter began the quest for the Orb.
     0 | D:1      | Reached XP level 1. HP: 12/12 MP: 3/3
     0 | D:1      | 0 ||| qw: Version: 0.3-a-22-g0ed2b0b
     0 | D:1      | 0 ||| qw: Game counter: 6301
     0 | D:1      | 0 ||| qw: Melee chars always use a shield: true
     0 | D:1      | 0 ||| qw: God list: Okawaru
     0 | D:1      | 0 ||| qw: Allow faded altars: false
     0 | D:1      | 0 ||| qw: Do Orc after clearing Dungeon:15 true
     0 | D:1      | 0 ||| qw: Do second Lair branch before Depths: true
     0 | D:1      | 0 ||| qw: Lair rune preference: random
     0 | D:1      | 0 ||| qw: Goals: Normal
     0 | D:1      | 0 ||| PLANNING D:1-11
   291 | D:1      | Found Seme's General Store.
   296 | D:1      | 296 ||| SHOPLISTING potion of curing (30 gold, have 26).
   296 | D:1      | 296 ||| SHOPLISTING potion of heal wounds (50 gold, have
                  | 26).
   296 | D:1      | 296 ||| SHOPLISTING potion of might (40 gold, have 26).
   296 | D:1      | 296 ||| SHOPLISTING ring of resist corrosion (200 gold,
                  | have 26).
   320 | D:1      | Reached XP level 2. HP: 16/16 MP: 4/4
   425 | D:1      | Reached skill level 6 in Ranged Weapons
   578 | D:1      | 578 ||| UPGRADING to +0 helmet.
   583 | D:1      | 583 ||| UPGRADING to ring of resist corrosion.
   584 | D:1      | 584 ||| READING scroll labelled LOCSYN PULEUSOGI.
   585 | D:1      | 585 ||| DROPPING scroll of butterflies.
   812 | D:2      | Reached XP level 3. HP: 20/20 MP: 5/5
  1223 | D:2      | You fall into a shaft and drop 2 floors!
  1285 | D:4      | Found an iron altar of Okawaru.
  1286 | D:4      | 1286 ||| PLANNING OKAWARU WORSHIP
  1286 | D:4      | 1286 ||| UPGRADING to +0 ring mail.
  1296 | D:4      | 1296 ||| DROPPING +0 leather armour.
  1297 | D:4      | 1297 ||| READING scroll labelled DAUSMIAWOO.
  1300 | D:4      | Became a worshipper of Warmaster Okawaru
  1301 | D:4      | 1301 ||| PLANNING D:1-11
  1308 | D:4      | Reached skill level 7 in Ranged Weapons
  1308 | D:4      | Reached XP level 4. HP: 25/25 MP: 6/6
  1404 | D:4      | 1404 ||| UPGRADING to amulet of the acrobat.
  1418 | D:3      | Found a faded altar of an unknown god.
  1709 | D:3      | Found a bloodstained altar of Trog.
  1714 | D:3      | 1714 ||| Stepping ~*~*~tactically~*~*~ (outnumbered).
  1716 | D:3      | 1716 ||| Stepping ~*~*~tactically~*~*~ (outnumbered).
  1718 | D:3      | 1718 ||| Stepping ~*~*~tactically~*~*~ (outnumbered).
  1818 | D:3      | Found a stormy altar of Qazlal.
  1902 | D:3      | Identified the +7 dagger of Zaoc Itz {flame, rC+}
  2328 | D:3      | 2328 ||| READING 2 scrolls labelled FUIRUXZ DOQU.
  2474 | D:4      | Identified the +2 ring mail of Deamn {Dex+2}
  2579 | D:4      | Reached skill level 8 in Ranged Weapons
  2621 | D:4      | HP: 2/25 [hobgoblin/+0 scythe (7)]
  2623 | D:4      | Slain by an orc

Levels and vault maps discovered:
D:1:      lightli_arrival_quake, layout_loops_cross, serial_shops,
          nicolae_shop_hallway_stairs
D:2:      layout_loops_ring, dk_vineyard_3, st_stairs_12
D:3:      layout_loops_ring, trog_hazing_becter,
          nicolae_qazlal_scattered_showers, ebering_ecumenical_altar_rust
D:4:      layout_cave_pods, kennysheep_mini, minitemple, sigmund_army

Skill      XL: |  1  2  3  4 |
---------------+-------------+-----
Ranged Weapons | 6 7 8 |  8.3
Fighting       | |  1.5
Dodging        | |  2.4
Stealth        | |  1.2

Action                     |  1- 3 |  4- 6 || total
---------------------------+-------+-------++-------
   Fire: Shortbow          |    86 |    64 ||   150
    Use: Scroll            |     2 |     1 ||     3
 Armour: Leather armour    |     5 |       ||     5
         Ring mail         |       |    15 ||    15
  Dodge: Dodged            |    13 |    22 ||    35

Table legend:
 A = Non-vault XP
 B = Vault XP
 C = Vault XP percentage of total XP
 D = Non-vault monster count
 E = Vault monster count
 F = Vault count percentage of total count
                 A         B        C        D         E       F
            +---------+---------+-------+---------+---------+-------
      Total |     173 |      15 |   8.0 |      37 |       8 |  17.8
            +---------+---------+-------+---------+---------+-------
        D:1 |      16 |       0 |   0.0 |      11 |       0 |   0.0
        D:2 |      42 |       1 |   2.3 |      14 |       1 |   6.7
        D:3 |      13 |      11 |  45.8 |       6 |       6 |  50.0
        D:4 |     102 |       3 |   2.9 |       6 |       1 |  14.3
            +---------+---------+-------+---------+---------+-------
